 Dungeon Crawl Stone Soup version 0.24-a0-580-g6a6c3f83c1 (webtiles) character file.

Game seed: 11785477658214781712

450 Gynju the Carver (level 7, -3/52 HPs)
             Began as a Barachi Fighter on Aug 22, 2019.
             Slain by a sky beast (5 damage)
             ... on level 5 of the Dungeon.
             The game lasted 00:04:20 (3993 turns).

Gynju the Carver (Barachi Fighter)                  Turns: 3993, Time: 00:04:20

Health: -3/52      AC:  9    Str: 19    XL:     7   Next: 4%
Magic:  7/7        EV:  5    Int:  9    God:
Gold:   207        SH:  9    Dex: 11    Spells: 6/6 levels left

rFire    . . .     SeeInvis .   a - +0 long sword
rCold    . . .     Gourm    .   c - +0 shield
rNeg     . . .     Faith    .   h - +0 chain mail
rPois    .         Spirit   .   (no helmet)
rElec    .         Reflect  .   (no cloak)
rCorr    .         Harm     .   (no gloves)
MR       .....                  (no boots)
Stlth    ..........             (no amulet)
HPRegen  0.17/turn              (no ring)
MPRegen  0.10/turn              (no ring)

@: slow
A: +LOS, swims, slowness 1, strong legs 1
a: Hop


You were on level 5 of the Dungeon.
You were not hungry.

You visited 1 branch of the dungeon, and saw 5 of its levels.

You collected 207 gold pieces.

Inventory:

Hand Weapons
 a - a +0 long sword (weapon)
Armour
 c - a +0 shield (worn)
 h - a +0 chain mail (worn)
Jewellery
 i - a +3 ring of slaying {unknown}
 o - a +2 ring of evasion {unknown}
Wands
 p - a wand of iceblast (6)
Scrolls
 b - a scroll of teleportation {unknown}
 e - a scroll of enchant weapon {unknown}
 g - 3 scrolls of remove curse {unknown}
 j - a scroll of blinking {unknown}
 m - a scroll of immolation {unknown}
 q - a scroll of enchant armour {unknown}
Potions
 d - a potion of might
 k - 2 potions of heal wounds {unknown}
 n - 2 potions of cancellation {unknown}
 r - a potion of flight {unknown}
Comestibles
 f - 6 rations


   Skills:
 - Level 3.6 Fighting
 + Level 8.8 Long Blades
 - Level 3.6 Armour
 - Level 3.2 Shields


You had 6 spell levels left.
You didn't know any spells.
Your spell library was empty.

Dungeon Overview and Level Annotations

Branches:
Dungeon (5/15)
 Temple: D:4-7

Altars:


Innate Abilities, Weirdness & Mutations

Shadows flee at your approach. (+LOS)
You can swim through water.
You cover ground slowly.
You can hop short distances.


Message History

The worker ant bites you but does no damage.
Something hits you. Something shocks you.
The worker ant bites you but does no damage.
You slash the worker ant!
You kill the worker ant!
You have reached level 7!
Something hits you. Something shocks you.
Unknown command.
Your shield prevents you from hitting something.
Something hits you. Something shocks you.
* * * LOW HITPOINT WARNING * * *
You slash something! Something hits you.
* * * LOW HITPOINT WARNING * * *
Something shocks you.
* * * LOW HITPOINT WARNING * * *
You miss something. Something hits you but does no damage.
You miss something. Something hits you.
* * * LOW HITPOINT WARNING * * *
Something shocks you.
You die...

..# ..##### ...#..
####)..#.# #
........#####
##.#.####.#.#.......
#.......<...#....#
...........##.{..#
.#$#.####..#.@.?.#
.. #...[†...# #
#..#.....#
...........#
####...!#.#.#
..#....#...
##....#.. ..#
...#.#.###.#
###.#...# .#


There were no monsters in sight!

Vanquished Creatures
  2 orc priests
  2 iguanas (D:4)
  Ijyb (D:3)
  Terence (D:3)
  2 orc wizards
  Natasha (thrice) (D:3)
  2 worker ants
  5 adders
  An ooze (D:3)
  A worm (D:3)
  3 leopard geckos
  5 orcs
  11 bats
  2 giant cockroaches (D:4)
  9 goblins
  2 hobgoblins
  5 jackals
  3 kobolds
  A quokka (D:3)
  A ball python (D:2)
  4 frilled lizards (D:1)
  A quokka skeleton (D:4)
  6 rats
73 creatures vanquished.

Notes
Turn   | Place    | Note
-------+----------+-------------------------------------------
     0 | D:1      | Gynju the Barachi Fighter began the quest for the Orb.
     0 | D:1      | Reached XP level 1. HP: 18/18 MP: 1/1
    20 | D:1      | Reached skill level 3 in Long Blades
    54 | D:1      | Reached XP level 2. HP: 22/24 MP: 2/2
   275 | D:1      | Reached skill level 4 in Long Blades
   444 | D:1      | Reached XP level 3. HP: 29/29 MP: 3/3
  1701 | D:2      | Reached skill level 5 in Long Blades
  1804 | D:3      | Reached XP level 4. HP: 36/36 MP: 4/4
  2018 | D:3      | Noticed Terence
  2024 | D:3      | Killed Terence
  2112 | D:3      | Noticed Natasha
  2122 | D:3      | Killed Natasha
  2122 | D:3      | Reached skill level 6 in Long Blades
  2122 | D:3      | Reached XP level 5. HP: 34/41 MP: 5/5
  2201 | D:3      | Noticed Ijyb
  2221 | D:3      | Killed Ijyb
  2458 | D:3      | Noticed Natasha
  2464 | D:3      | Killed Natasha
  2789 | D:3      | Noticed Natasha
  2809 | D:3      | Killed Natasha
  2809 | D:3      | Reached skill level 7 in Long Blades
  3092 | D:4      | Reached XP level 6. HP: 42/47 MP: 6/6
  3270 | D:4      | Reached skill level 8 in Long Blades
  3959 | D:5      | Entered Level 5 of the Dungeon
  3973 | D:5      | Noticed a sky beast
  3989 | D:5      | Reached XP level 7. HP: 27/52 MP: 7/7
  3993 | D:5      | HP: 2/52 [something (4)]
  3993 | D:5      | Slain by a sky beast

Levels and vault maps discovered:
D:1:      lightli_arrival_flooded_house, layout_basic
D:2:      layout_basic
D:3:      layout_loops_ring, first_ration, uniq_natasha, uniq_ijyb, uniq_terence
D:4:      layout_loops_ring, guppyfry_early_lair_pool
D:5:      layout_loops_ring, basic_altar

Skill      XL: |  1  2  3  4  5  6 |
---------------+-------------------+-----
Long Blades    | 3 4 5 6 7 8 |  8.8
Fighting       | |  3.6
Armour         | |  3.6
Shields        | |  3.2

Action                   |  1- 3 |  4- 6 |  7- 9 || total
-------------------------+-------+-------+-------++-------
Melee: Long sword        |   145 |   208 |     4 ||   357
  Eat: Chunk             |     1 |     7 |       ||     8
       Ration            |     1 |       |       ||     1
Armor: Scale mail        |    25 |       |       ||    25
       Chain mail        |    60 |   129 |     1 ||   190
Dodge: Dodged            |    29 |    32 |       ||    61
Block: Shield            |    88 |   100 |       ||   188
       Rpst.: Long sword |     9 |     8 |       ||    17

Table legend:
 A = Non-vault XP
 B = Vault XP
 C = Vault XP percentage of total XP
 D = Non-vault monster count
 E = Vault monster count
 F = Vault count percentage of total count
                 A         B        C        D         E       F
            +---------+---------+-------+---------+---------+-------
      Total |     539 |     105 |  16.3 |      70 |       3 |   4.1
            +---------+---------+-------+---------+---------+-------
        D:1 |      36 |       0 |   0.0 |      22 |       0 |   0.0
        D:2 |      38 |       0 |   0.0 |      15 |       0 |   0.0
        D:3 |     221 |     105 |  32.2 |      20 |       3 |  13.0
        D:4 |     212 |       0 |   0.0 |      12 |       0 |   0.0
        D:5 |      32 |       0 |   0.0 |       1 |       0 |   0.0
            +---------+---------+-------+---------+---------+-------
